 Dungeon Crawl Stone Soup version 0.28.0-47-ge53b351184 (webtiles) character file.

Game seed: 7426873869964661012

29 Bruhh the Magician (level 3, -1/25 HPs)
             Began as a Djinni Fire Elementalist on Apr 28, 2022.
             Killed from afar by an orc wizard (3 damage)
             ... with a puff of flame
             ... on level 4 of the Dungeon.
             The game lasted 00:02:58 (1479 turns).

Bruhh the Magician (Djinni Fire Elementalist)       Turns: 1479, Time: 00:02:59

Health: -1/25      AC:  3    Str:  7    XL:     3   Next: 32%
Gold:   81         EV: 12    Int: 18    God:
                   SH:  0    Dex: 13

rFire   + + .      SeeInvis .   (no weapon)
rCold   . . .      Faith    .   (no shield)
rNeg    . . .      Spirit   .   c - +1 robe {rC+}
rPois   ∞          Reflect  .   (no helmet)
rElec   .          Harm     .   (no cloak)
rCorr   .          Rampage  .   (no gloves)
Will    .....                   (boots unavailable)
Stlth   ++........              (no amulet)
HPRegen 0.08/turn               (no ring)
MPRegen 0.00/turn               (no ring)

@: flying
A: sickness immunity, fire resistance 2, cold vulnerability 1, float, innate
caster, HP casting, extra vitality 1
a: no special abilities


You were on level 4 of the Dungeon.
You visited 1 branch of the dungeon, and saw 3 of its levels.

You collected 81 gold pieces.

Inventory:

Armour
 a - a +0 robe
 c - a +1 robe of cold resistance (worn)
Scrolls
 d - a scroll of blinking {unknown}
 e - a scroll of identify {unknown}
 f - a scroll of summoning {unknown}
 g - a scroll of vulnerability {unknown}
Potions
 b - 2 potions of cancellation {unknown}
 h - a potion of attraction {unknown}


   Skills:
 - Level 2.1 Dodging
 - Level 1.5 Stealth
 + Level 3.3 Spellcasting


You couldn't memorise any spells.
You knew the following spells:

 Your Spells              Type           Power      Damage    Failure   Level
a - Foxfire               Conj/Fire      60%        2x1d7     4%          1
b - Scorch                Fire           30%        2d7       6%          2
c - Conjure Flame         Conj/Fire      15%        6-21      12%         3
d - Inner Flame           Hex/Fire       15%        N/A       12%         3
e - Flame Wave            Conj/Fire      15%        2d6       36%         4
f - Freeze                Ice            60%        1d8       4%          1
Your spell library was empty.

Dungeon Overview and Level Annotations

Branches:
Dungeon (2/15)

Altars:


Innate Abilities, Weirdness & Mutations

You are immune to sickness and miasma.
You are immune to poison.
Your flesh is very heat resistant. (rF++)
You are vulnerable to cold. (rC-)
You float through the air rather than walking.
You learn spells naturally, not from books.
Your magical power is your life essence.
You have superior vitality. (+4 MHP)


Message History

You conjure some foxfire!
The foxfire hits the orc wizard.
The orc wizard is heavily wounded.
The foxfire hits the orc wizard but does no damage.
The orc wizard is heavily wounded.
The foxfire hits the orc wizard.
The orc wizard is almost dead.
Casting: Foxfire (safe; 4% risk of failure)
Confirm with . or Enter, or press ? or * to list all spells.
You conjure some foxfire!
The foxfire hits the orc wizard but does no damage.
The orc wizard is almost dead.
The orc wizard misses you.
Unknown command.
Casting: Foxfire (safe; 4% risk of failure)
Confirm with . or Enter, or press ? or * to list all spells.
Flames lash the orc.
You kill the orc!
The foxfire hits the orc wizard.
The orc wizard is almost dead.
The foxfire hits the orc wizard.
The orc wizard is almost dead.
The orc wizard hits you with a +0 dagger.
The orc wizard misses you.
Flames lash the orc.
You kill the orc!
The orc wizard gestures at you while chanting.
The magic dart hits you!
* * * LOW HITPOINT WARNING * * *
The orc wizard closely misses you.
You are too injured to fight recklessly!
You are too injured to fight recklessly!
You are too injured to fight recklessly!
An ufetubus comes into view.
The orc wizard mumbles some strange words.
The orc wizard flickers and vanishes!
Deactivating autopickup; reactivate with Ctrl-A.
The ufetubus shouts!
The orc wizard casts a spell at you. The puff of flame hits you. You resist.
You die...

#.....#
#.#.#.#
#...).#
#.....#
#.#)#)#
#.....#
#.oo..#
#.#.#.#
#..@..#
#.....#
#.#.#.#
#.....#
#.....#
#.#5#.#
.....
#.....#


You could see an orc wizard, an orc and an ufetubus.

Vanquished Creatures
  A dart slug (D:1)
  2 orcs (D:4)
  2 goblins
  3 hobgoblins (D:1)
  2 jackals (D:1)
  3 quokkas (D:1)
  3 ball pythons (D:1)
  3 bats (D:1)
  2 frilled lizards (D:1)
  A kobold (D:1)
22 creatures vanquished.

Vanquished Creatures (others)
  34 foxfires
34 creatures vanquished.

Grand Total: 56 creatures vanquished

Notes
Turn   | Place    | Note
-------+----------+-------------------------------------------
     0 | D:1      | Bruhh the Djinni Fire Elementalist began the quest for the
                  | Orb.
     0 | D:1      | Reached XP level 1. HP: 15/15 MP: 0/0
     4 | D:1      | Noticed a death yak
   116 | D:1      | Noticed an anaconda
   474 | D:1      | Reached XP level 2. HP: 17/21 MP: 0/0
   811 | D:1      | Reached skill level 3 in Spellcasting
  1074 | D:1      | Reached XP level 3. HP: 18/25 MP: 0/0
  1074 | D:1      | Learned a level 1 spell: Freeze
  1453 | D:2      | Found a faded altar of an unknown god.
  1468 | D:2      | You are sucked into a shaft and drop 2 floors!
  1479 | D:4      | Killed from afar by an orc wizard

Illustrated notes

Levels and vault maps discovered:
D:1:      sevenhm_arrival_forest_fort_small_2, layout_loops_ring,
          nrook_mini_backslash
D:2:      layout_basic, shapermc_ecumenical_altar_gd
D:4:      nicolae_cairo_tiling_large, layout_rooms, minmay_temple_entry_trees,
          serial_shops, nicolae_shop_crystal, minivault_11, corexii_shack,
          columned_hall_lemuel, uniq_ijyb

Skill      XL: |  1  2 |
---------------+-------+-----
Spellcasting   | 3 |  3.3
Dodging        | |  2.1
Stealth        | |  1.5

Action                   || total
-------------------------++-------
Melee: Unarmed           ||     2
 Cast: Foxfire           ||    24
       Scorch            ||    18
Dodge: Dodged            ||    12
